 Dungeon Crawl Stone Soup version 0.20-a0-267-g4a7ec2a (webtiles) character file.

23 Leszczynek the Vexing (level 2, 23/23 HPs)
             Began as a Mummy Enchanter on Dec 5, 2016.
             Quit the game on level 1 of the Dungeon on Dec 6, 2016.
             The game lasted 00:03:46 (992 turns).

Leszczynek the Vexing (Mummy Enchanter)              Turns: 992, Time: 00:03:47

Health: 23/23      AC:  3    Str: 11    XL:     2   Next: 75%
Magic:  5/5        EV: 12    Int: 14    God:
Gold:   70         SH:  0    Dex: 12    Spells: 4/5 levels left

rFire  x . .     SeeInvis .     a - +1 dagger
rCold  + . .     Gourm    .     j - +1 robe
rNeg   + + +     Faith    .     (no shield)
rPois  ∞         Spirit   .     (no helmet)
rElec  .         Reflect  .     (no cloak)
rCorr  .         Harm     .     (no gloves)
MR     .....                    (no boots)
Stlth  ++........               (no amulet)
                                (no ring)
                                (no ring)

@: no status effects
A: no food or potions, fire vulnerability, cold resistance 1, negative energy
resistance 3, torment resistance, unbreathing
a: no special abilities


You were on level 1 of the Dungeon.
You were not hungry.

You visited 1 branch of the dungeon, and saw 2 of its levels.

You collected 70 gold pieces.

Inventory:

Hand Weapons
 a - a +1 dagger (weapon)
 b - a +0 hunting sling
Missiles
 k - 37 stones (quivered)
Armour
 j - a +1 robe (worn)
Scrolls
 d - a scroll of identify {unknown}
 e - a scroll of recharging {unknown}
 f - a scroll of fear {unknown}
 g - a scroll of magic mapping {unknown}
 h - a scroll of fog {unknown}
 i - a scroll of teleportation {unknown}
 l - a scroll of random uselessness {unknown}
Books
 c - a book of Maledictions

   Spells                             Type                      Level
   a - Corona                         Hexes                        1
   b - Ensorcelled Hibernation        Hexes/Ice                    2
   c - Confuse                        Hexes                        3
   d - Tukima's Dance                 Hexes                        3
   e - Dazzling Spray                 Conjuration/Hexes            3


   Skills:
 + Level 2.4 Fighting
 - Level 0.7 Short Blades
 - Level 1.5 Dodging
 - Level 2.4 Stealth
 - Level 2.0 Spellcasting
 - Level 2.6 Hexes


You had 4 spell levels left.
You knew the following spells:

 Your Spells              Type           Power        Failure   Level  Hunger
a - Corona                Hex            #......      10%         1    N/A

Dungeon Overview and Level Annotations

Branches:
Dungeon (2/15)

Altars:
Xom


Innate Abilities, Weirdness & Mutations

You do not eat or drink.
Your flesh is vulnerable to fire.
You are immune to poison.
Your flesh is cold resistant. (rC+)
You are immune to negative energy. (rN+++)
You are immune to unholy pain and torment.
You can survive without breathing.


Message History

You see here a club.
You see here an uncursed dagger.
a - a +1 dagger (weapon)
Found 20 arrows.
Found 9 gold pieces.
Found a shimmering altar of Xom.
There is a stone staircase leading up here.
You climb upwards.
Found 3 gold pieces, a sapphire potion and a scroll labeled WYANUN WACUE.
There is a stone staircase leading down here.
Unknown command.
Found a fizzy dark potion.
Unknown command.
You now have 70 gold pieces (gained 3).
l - a scroll labeled WYANUN WACUE Unknown command.
A frilled lizard comes into view.
Save game and exit?
Welcome back, Leszczynek the Mummy Enchanter.
Press ? for a list of commands and other information.
Are you sure you want to abandon this character and quit the game? (Confirm with "yes".)

..+
#......#####
..# #.......!#
.## #....>...#
## ##........#
#..#......#
##......####
#!...##.###
#..#####...###
.... ##.@..#
.. .l.......?#
######....#
##...# #...#
#...# #####


You could see a frilled lizard (sleeping).

Vanquished Creatures
  An ooze (D:1)
  A leopard gecko (D:2)
  A giant cockroach (D:1)
  2 goblins
  2 hobgoblins
  A ball python (D:1)
  3 bats (D:1)
  4 frilled lizards
  2 kobolds (D:1)
  4 rats
21 creatures vanquished.

Notes
Turn   | Place    | Note
-------+----------+-------------------------------------------
     0 | D:1      | Leszczynek the Mummy Enchanter began the quest for the Orb.
     0 | D:1      | Reached XP level 1. HP: 13/13 MP: 3/3
    54 | D:1      | Reached skill level 1 in Fighting
   252 | D:1      | Reached XP level 2. HP: 18/22 MP: 5/5
   414 | D:1      | Reached skill level 2 in Fighting
   426 | D:1      | kek, blue large shield
   975 | D:2      | Found a shimmering altar of Xom.
   992 | D:1      | Upgraded the game from 0.20-a0-266-gdedccd6 to 0.20-a0-267-g4a7ec2a
   992 | D:1      | Quit the game

Vault maps used:
D:1:      dpeg_arrival_another_circle
D:2:      nicolae_overflow_hidden_temple, old_standard_altar

Skill      XL: |  1  2 |
---------------+-------+-----
Fighting       | 1 2 |  2.4
Short Blades   | |  0.7
Dodging        | |  1.5
Stealth        | |  2.4
Spellcasting   | |  2.0
Hexes          | |  2.6

Action                   || total
-------------------------++-------
Melee: Dagger            ||    88
 Stab: Sleeping          ||     1
Armor: Robe              ||    21
Dodge: Dodged            ||    52
